 Dungeon Crawl Stone Soup version 0.31.0-32-g396128a36d (webtiles) character file.

Game seed: 7123214751825115490

88 James the Vexing (level 4, -3/34 HPs)
             Began as a Gnoll Hexslinger on Mar 22, 2024.
             Slain by Grinder (4 damage)
             ... on level 3 of the Dungeon.
             The game lasted 00:05:00 (1888 turns).

James the Vexing (Gnoll Hexslinger)                 Turns: 1888, Time: 00:05:01

Health: -3/34      AC:  3    Str:  7    XL:     4   Next: 54%
Magic:  8/8        EV: 14    Int: 14    God:
Gold:   238        SH:  0    Dex: 15    Spells: 4/9 levels left

rFire   . . .        b - +2 long sword (holy)
rCold   . . .        (no shield)
rNeg    . . .        c - +0 robe
rPois   .            x - +0 helmet
rElec   .            (no cloak)
rCorr   .            (no gloves)
SInv    .            (no boots)
Will    .....        (no amulet)
Stlth   ++           (no ring)
HPRegen 0.25/turn    (no ring)
MPRegen 0.11/turn

%: no passive effects
@: no status effects
A: fangs 1, strong nose, distributed training
a: no special abilities


You were on level 3 of the Dungeon.
You visited 1 branch of the dungeon, and saw 3 of its levels.

You collected 238 gold pieces.

Inventory:

Hand Weapons
 a - a +1 sling
 b - a +2 long sword of holy wrath (weapon)
   (You found it on level 2 of the Dungeon)
 u - a +0 dagger of venom
   (You took it off a goblin on level 2 of the Dungeon)
 z - a +2 dagger of speed
   (You took it off a goblin on level 2 of the Dungeon)
Armour
 c - a +0 robe (worn)
 e - a +0 leather armour
   (You found it on level 1 of the Dungeon)
 g - an orb of wrath
   (You found it on level 1 of the Dungeon)
 k - a +0 leather armour
   (You found it on level 1 of the Dungeon)
 n - a +0 plate armour
   (You took it off a goblin on level 2 of the Dungeon)
 t - a +0 robe
   (You found it on level 2 of the Dungeon)
 v - a +0 ring mail
   (You took it off a hobgoblin on level 1 of the Dungeon)
 w - a +0 animal skin
   (You took it off Robin on level 2 of the Dungeon)
 x - a +0 helmet (worn)
   (You took it off Robin on level 2 of the Dungeon)
 A - a +0 ring mail
   (You found it on level 3 of the Dungeon)
Jewellery
 y - an amulet of faith {!P}
   (You found it on level 2 of the Dungeon)
Scrolls
 d - a scroll of noise {unknown}
 f - a scroll of identify {unknown}
 h - 5 scrolls of teleportation {unknown}
 i - 2 scrolls of vulnerability {unknown}
 j - a scroll of immolation {unknown}
 l - a scroll of blinking {unknown}
 m - a scroll of summoning {unknown}
 o - a scroll of brand weapon {unknown}
 p - a scroll of poison {!r}
 r - a scroll of fear {unknown}
Potions
 q - a potion of resistance {unknown}
 s - a potion of mutation {unknown}
 B - a potion of enlightenment {unknown}


   Skills:
 + Level 2.8 Fighting
 + Level 1.2 Short Blades
 + Level 1.2 Long Blades
 + Level 1.2 Axes
 + Level 1.2 Maces & Flails
 + Level 1.2 Polearms
 + Level 1.2 Staves
 + Level 4.7 Ranged Weapons
 + Level 1.2 Throwing
 + Level 1.2 Armour
 + Level 4.7 Dodging
 + Level 1.2 Stealth
 + Level 1.2 Shields
 + Level 1.2 Unarmed Combat
 + Level 3.0 Spellcasting
 + Level 1.0 Conjurations
 + Level 5.5 Hexes
 + Level 1.0 Summonings
 + Level 1.0 Necromancy
 + Level 1.0 Translocations
 + Level 2.3 Fire Magic
 + Level 1.0 Ice Magic
 + Level 1.0 Air Magic
 + Level 1.0 Earth Magic
 + Level 1.0 Alchemy
 + Level 1.3 Invocations
 + Level 1.2 Evocations
 + Level 1.1 Shapeshifting


You had 4 spell levels left.
You knew the following spells:

 Your Spells              Type           Power      Damage    Failure   Level
a - Jinxbite              Hex            34%        N/A       3%          2
b - Sigil of Binding      Hex            17%        N/A       7%          3

Your spell library contained the following spells:

 Spells                   Type           Power      Damage    Failure   Level
 Inner Flame              Hex/Fire       13%        N/A       13%         3
 Cause Fear               Hex            8%         N/A       22%         4
 Dimensional Bullseye     Hex/Tloc       5%         N/A       50%         4


Dungeon Overview and Level Annotations

Branches:
Dungeon (3/15)

Altars:

Annotations:
D:3 Grinder


Innate Abilities, Weirdness & Mutations

You have very sharp teeth.
Your uncanny sense of smell can sniff out nearby items.
Your experience applies equally to all skills.


Message History

You climb downwards.
Level annotation: Grinder
There is a stone staircase leading up, spattered with blood here.
Your +2 long sword of holy wrath stops glowing.
a - a +1 sling (weapon)
There is a stone staircase leading up, spattered with blood here.
What are your orders? t - Bark!
Orders for allies: a - Attack new target. r - Retreat! s - Stop attacking. g - Guard the area. f - Follow me.
Anything else - Cancel.
You bark for attention!
You shoot a sling bullet. The sling bullet hits Grinder.
Grinder says, "Mostly I couldn't keep them alive."
You shoot a sling bullet. The sling bullet hits Grinder.
You shoot a sling bullet.
The sling bullet closely misses Grinder.
You shoot a sling bullet. The sling bullet hits Grinder!
Grinder gestures at you.
You suddenly lose the ability to move!
Grinder says, "Tell me all your secrets, or I'll kill you."
Grinder hits you!
You writhe in agony.
You can move again.
Your +2 long sword of holy wrath softly glows with a divine radiance!
b - a +2 long sword of holy wrath (weapon)
You barely miss Grinder. Grinder gestures at you.
You barely resist. You barely miss Grinder. Grinder gestures at you.
You suddenly lose the ability to move!
Grinder hits you!
* * * LOW HITPOINT WARNING * * *
Grinder says, "I used to sell toenails on the black market."
Grinder completely misses you.
You can move again.
You closely miss Grinder. Grinder hits you but does no damage.
You barely miss Grinder. You bite Grinder, but do no damage.
Grinder closely misses you. Grinder hits you!
* * * LOW HITPOINT WARNING * * *
You writhe in agony.
* * * LOW HITPOINT WARNING * * *
You hit Grinder.
Grinder convulses.
Your punch misses Grinder. Grinder gestures at you.
You resist with significant effort.
You hit Grinder.
Grinder convulses.
Grinder hits you.
* * * LOW HITPOINT WARNING * * *
You writhe in agony.
You die...
Grinder says, "Now the real fun starts!"

~~~~~### ..#
#~~~~####.#######
#~~~~#..#.....##
##~............##
#...............#
#...............#
#...............#
#...............# #....
#@5.............# #....
#...............#
#..5..##.............##
#..... ##...........##
#.....# ##.###>######
#......##......#
.......#....####
...........##
..........##


You could see Grinder.

Vanquished Creatures
  Robin (D:2)
  3 adders (D:2)
  2 ribbon worms
  2 dart slugs
  A ball python (D:3)
  2 giant cockroaches (D:1)
  13 goblins
  6 hobgoblins
  A kobold (D:1)
  A quokka (D:2)
  2 bats
  4 frilled lizards
  3 rats
41 creatures vanquished.

Notes
Turn   | Place    | Note
-------+----------+-------------------------------------------
     0 | D:1      | James the Gnoll Hexslinger began the quest for the Orb.
     0 | D:1      | Reached XP level 1. HP: 17/17 MP: 4/4
   248 | D:1      | Reached XP level 2. HP: 23/23 MP: 5/5
   543 | D:1      | Learned a level 2 spell: Jinxbite
   750 | D:2      | Reached XP level 3. HP: 23/28 MP: 7/7
   755 | D:2      | Learned a level 3 spell: Sigil of Binding
   858 | D:2      | Reached skill level 1 in Invocations
   924 | D:2      | Noticed Robin
   934 | D:2      | Reached skill level 1 in Short Blades
   934 | D:2      | Reached skill level 1 in Long Blades
   934 | D:2      | Reached skill level 1 in Axes
   934 | D:2      | Reached skill level 1 in Maces & Flails
   934 | D:2      | Reached skill level 1 in Polearms
   934 | D:2      | Reached skill level 1 in Staves
   934 | D:2      | Reached skill level 1 in Throwing
   934 | D:2      | Reached skill level 1 in Armour
   934 | D:2      | Reached skill level 1 in Stealth
   934 | D:2      | Reached skill level 1 in Shields
   934 | D:2      | Reached skill level 1 in Unarmed Combat
   934 | D:2      | Reached skill level 1 in Evocations
   954 | D:2      | Reached skill level 1 in Shapeshifting
   954 | D:2      | Reached XP level 4. HP: 7/34 MP: 8/8
  1133 | D:2      | Killed Robin
  1598 | D:3      | Reached skill level 1 in Conjurations
  1598 | D:3      | Reached skill level 1 in Summonings
  1598 | D:3      | Reached skill level 1 in Necromancy
  1598 | D:3      | Reached skill level 1 in Translocations
  1598 | D:3      | Reached skill level 1 in Ice Magic
  1598 | D:3      | Reached skill level 1 in Air Magic
  1598 | D:3      | Reached skill level 1 in Earth Magic
  1598 | D:3      | Reached skill level 1 in Alchemy
  1709 | D:3      | Noticed Grinder
  1731 | D:3      | Paralysed by Grinder for 3 turns
  1839 | D:3      | Paralysed by Grinder for 2 turns
  1878 | D:3      | Paralysed by Grinder for 3 turns
  1883 | D:3      | Paralysed by Grinder for 2 turns
  1888 | D:3      | HP: 1/34 [Grinder (4)]
  1888 | D:3      | Slain by Grinder

Illustrated notes

Levels and vault maps discovered:
D:1:      amcnicky_arrival_flooded_fountain, layout_rooms,
          corexii_leaking_fountain
D:2:      layout_rooms, uniq_robin
D:3:      layout_rooms, nicolae_tso_besieged_by_evil, amcnicky_altar_gilded,
          serial_rivers, chequers_serial_rivers_small_b,
          chequers_serial_rivers_small_3, chequers_serial_rivers_marsh,
          chequers_serial_rivers_large_b, hellmonk_ecumenical_altar_arch_garden,
          uniq_grinder

Skill      XL: |  1  2  3  4 |
---------------+-------------+-----
Fire Magic     | 2 |  2.3
Invocations    | 1 |  1.3
Short Blades   | 1 |  1.2
Long Blades    | 1 |  1.2
Axes           | 1 |  1.2
Maces & Flails | 1 |  1.2
Polearms       | 1 |  1.2
Staves         | 1 |  1.2
Throwing       | 1 |  1.2
Armour         | 1 |  1.2
Stealth        | 1 |  1.2
Shields        | 1 |  1.2
Unarmed Combat | 1 |  1.2
Evocations     | 1 |  1.2
Shapeshifting  | 1 |  1.1
Spellcasting   | 3 |  3.0
Conjurations   | 1 |  1.0
Summonings     | 1 |  1.0
Necromancy     | 1 |  1.0
Translocations | 1 |  1.0
Ice Magic      | 1 |  1.0
Air Magic      | 1 |  1.0
Earth Magic    | 1 |  1.0
Alchemy        | 1 |  1.0
Fighting       | |  2.8
Ranged Weapons | |  4.7
Dodging        | |  4.7
Hexes          | |  5.5

Action                     |  1- 3 |  4- 6 || total
---------------------------+-------+-------++-------
  Melee: Long sword        |    16 |    26 ||    42
         Bite              |     2 |     5 ||     7
         Dagger            |     5 |    15 ||    20
         Punch             |       |     1 ||     1
   Fire: Sling             |    73 |    33 ||   106
 Armour: Robe              |    29 |    34 ||    63
  Dodge: Dodged            |    48 |    30 ||    78
